 Dungeon Crawl Stone Soup version 0.22.1-1-ga44c0e5 (webtiles) character file.

2501 lysyklops the Fighter (level 9, -2/60 HPs)
             Began as a Gargoyle Fighter on Oct 22, 2018.
             Was a Priest of Okawaru.
             Slain by a yak (8 damage)
             ... on level 6 of the Dungeon on Nov 10, 2018.
             The game lasted 00:15:30 (5038 turns).

lysyklops the Fighter (Gargoyle Fighter)            Turns: 5038, Time: 00:15:30

Health: -2/60      AC: 16    Str: 24    XL:     9   Next: 53%
Magic:  9/9        EV: 10    Int:  8    God:    Okawaru [***...]
Gold:   238        SH:  0    Dex:  9    Spells: 8/8 levels left

rFire    + . .     SeeInvis .   v - +8 great mace of Demonkind {crush, -Tele rF+ rC+ rN+}
rCold    + . .     Gourm    .   (shield currently unavailable)
rNeg     + + .     Faith    .   b - +0 scale mail
rPois    ∞         Spirit   .   (no helmet)
rElec    +         Reflect  .   g - +0 cloak
rCorr    .         Harm     .   (no gloves)
MR       .....     NoTele   +   (no boots)
Stlth    ..........             (no amulet)
HPRegen  0.20/turn              (no ring)
MPRegen  0.11/turn              (no ring)

@: no status effects
A: negative energy resistance 1, electricity resistance, unbreathing,
petrification resistance, rot immunity, AC +6
a: Heroism, Renounce Religion


You were on level 6 of the Dungeon.
You worshipped Okawaru.
Okawaru was most pleased with you.
You were not hungry.

You visited 2 branches of the dungeon, and saw 8 of its levels.

You collected 238 gold pieces.

Inventory:

Hand Weapons
 a - a +0 flail
 v - the +8 great mace of Demonkind (weapon) {crush, -Tele rF+ rC+ rN+}
   (You found it on level 5 of the Dungeon)

   It inflicts extra damage upon your enemies.
   It protects you from fire.
   It protects you from cold.
   It protects you from negative energy.
   It prevents most forms of teleportation.
Armour
 b - a +0 scale mail (worn)
 g - a +0 cloak (worn)
Jewellery
 s - a +3 ring of intelligence {unknown}
 t - an uncursed ring of fire {unknown}
 y - a +5 ring of evasion {unknown}
Wands
 p - a wand of digging (9)
 D - a wand of iceblast (9)
 F - a wand of polymorph (12)
Scrolls
 c - a scroll of random uselessness {unknown}
 e - 3 scrolls of magic mapping {unknown}
 i - 3 scrolls of enchant armour {unknown}
 j - 2 scrolls of identify
 n - 2 scrolls of fog {unknown}
 r - 4 scrolls of teleportation {unknown}
 u - 5 scrolls of remove curse {unknown}
 x - a scroll of acquirement {unknown}
 z - 2 scrolls of silence {unknown}
 A - a scroll of fear {unknown}
Potions
 d - 2 potions of might
 h - 3 potions of agility
 k - 3 potions of curing
 l - 2 potions of lignification
 m - 2 potions of invisibility
 o - 2 potions of brilliance
 q - a potion of magic
 w - 5 potions of flight
 B - a potion of resistance {unknown}
 C - a potion of cancellation {unknown}
Comestibles
 f - 6 rations
 E - 10 chunks of flesh


   Skills:
 + Level 8.4 Fighting
 + Level 7.3 Maces & Flails
 + Level 8.3 Armour
   Level 5.0 Shields


You had 8 spell levels left.
You didn't know any spells.
Your spell library was empty.

Dungeon Overview and Level Annotations

Branches:
Dungeon (7/15)             Temple (1/1) D:5

Altars:
Ashenzari
Cheibriados
Dithmenos
Elyvilon
Fedhas
Gozag
Hepliaklqana
Makhleb
Okawaru
Qazlal
Ru
Uskayaw
Wu Jian
Yredelemnul
The Shining One

Shops:
D:6 %

Annotations:
D:6 1 runed door, bmj180's ghost, novice DsNe


Innate Abilities, Weirdness & Mutations

You are resistant to torment.
Your stone body is resilient. (AC +6)
You are immune to poison.
You resist negative energy. (rN+)
You are resistant to electric shocks. (rElec)
You can survive without breathing.
You are immune to petrification.
You are immune to rotting.


Message History

The yak barely misses you. The yak gores you but does no damage.
You climb upwards.
Level annotation: 1 runed door, bmj180's ghost, novice DsNe
There is a stone staircase leading down here.
The yak gores you. The yak barely misses you.
You climb downwards.
The yak gores you!
There is a stone staircase leading up here.
The yak gores you.
* * * LOW HITPOINT WARNING * * *
The yak gores you but does no damage. The yak barely misses you.
You climb upwards.
Level annotation: 1 runed door, bmj180's ghost, novice DsNe
There is a stone staircase leading down here.
Unknown command.
You thump the yak!
The yak is severely wounded.
The yak gores you but does no damage. The yak gores you!
* * * LOW HITPOINT WARNING * * *
The yak gores you but does no damage. The yak gores you!
You die...

.......................+.........
###....##########...####.........
#......# #..## ##..)....#
#.###### #.## ##.....## #.# #.#
##...## #.# #.# ##'## #.# ##.#
#.# #.# #YY# #.# #.# #@## ##.##
..# #Y# ##...## ### ##.##
######.....# #...###.........##
#.......#####..#### #...#####
#...... ##### #######


You could see 3 yaks.

Vanquished Creatures
  Pikel (D:6)
  The ghost of Frank the Shield-Bearer, an amateur GrFi (D:4)
  A yak (D:7)
  2 ice beasts
  2 ogres
  A centaur (D:7)
  2 big kobolds
  3 scorpions
  6 killer bees (D:7)
  3 crimson imps
  A quasit (D:5)
  6 hounds
  A bullfrog skeleton (D:5)
  3 centaur skeletons (D:5)
  An iguana (D:5)
  Terence (D:3)
  3 worker ants
  Robin (D:3)
  A howler monkey skeleton (D:4)
  6 adders
  A shadow imp (D:5)
  An ooze (D:1)
  An adder zombie (D:5)
  3 worms (D:3)
  3 dart slugs
  6 leopard geckos
  13 orcs
  2 ball pythons
  5 giant cockroaches
  9 hobgoblins
  4 jackals (D:1)
  A quokka (D:2)
  A ball python skeleton (D:4)
  8 bats
  5 frilled lizards
  15 goblins
  A goblin skeleton (D:4)
  A goblin zombie (D:4)
  3 hobgoblin zombies (D:4)
  A jackal skeleton (D:7)
  35 kobolds
  A kobold skeleton (D:4)
  2 orc zombies (D:4)
  8 rats
  A spectral orc (D:2)
177 creatures vanquished.

Vanquished Creatures (others)
  An ice beast (D:6)
  A bullfrog skeleton (D:6)
  A plant (D:4)
3 creatures vanquished.

Grand Total: 180 creatures vanquished

Notes
Turn   | Place    | Note
-------+----------+-------------------------------------------
     0 | D:1      | lysyklops the Gargoyle Fighter began the quest for the Orb.
     0 | D:1      | Reached XP level 1. HP: 14/14 MP: 1/1
   152 | D:1      | Reached XP level 2. HP: 19/19 MP: 2/2
   487 | D:1      | Reached XP level 3. HP: 22/24 MP: 3/3
   977 | D:2      | Noticed a water elemental
   979 | D:2      | Found a stormy altar of Qazlal.
   980 | D:2      | Noticed an air elemental
   980 | D:2      | Noticed a fire elemental
   980 | D:2      | Noticed an earth elemental
  1071 | D:2      | Reached XP level 4. HP: 29/29 MP: 4/4
  1097 | D:2      | Found a basalt altar of Yredelemnul.
  1813 | D:3      | Found a shadowy altar of Dithmenos.
  1836 | D:3      | Noticed Terence
  1853 | D:3      | Killed Terence
  1853 | D:3      | Reached XP level 5. HP: 22/33 MP: 5/5
  1863 | D:3      | Found a shadowy altar of Dithmenos.
  1998 | D:3      | Found a faded altar of an unknown god.
  1998 | D:3      | Found a hazy altar of Hepliaklqana.
  2003 | D:3      | Found a sacrificial altar of Ru.
  2032 | D:3      | Noticed Robin
  2043 | D:3      | Killed Robin
  2049 | D:3      | Found a white marble altar of Elyvilon.
  2051 | D:3      | Found a burning altar of Makhleb.
  2088 | D:3      | You fall through a shaft for 2 floors!
  2088 | D:5      | Entered Level 5 of the Dungeon
  2248 | D:5      | Found a staircase to the Ecumenical Temple.
  2258 | Temple   | Entered the Ecumenical Temple
  2275 | Temple   | Became a worshipper of Warmaster Okawaru
  2314 | D:5      | Noticed an ogre
  2440 | D:5      | Reached XP level 6. HP: 31/39 MP: 6/6
  2483 | D:5      | Got an ichor-stained great mace
  2619 | D:5      | Reached skill level 5 in Fighting
  2619 | D:5      | Reached skill level 5 in Shields
  2640 | D:5      | Identified the +8 great mace of Demonkind {crush, -Tele rF+
                  | rC+ rN+} (You found it on level 5 of the Dungeon)
  2654 | D:4      | Reached skill level 5 in Armour
  2654 | D:4      | Reached XP level 7. HP: 41/44 MP: 7/7
  2697 | D:4      | Reached * piety under Okawaru
  2718 | D:4      | Found a shattered altar of Ashenzari.
  3054 | D:4      | Found a runed door.
  3054 | D:4      | Noticed Frank's ghost (amateur GrFi)
  3065 | D:4      | Killed Frank's ghost
  3089 | D:4      | Found a glowing golden altar of the Shining One.
  3101 | D:4      | Reached skill level 5 in Maces & Flails
  3247 | D:4      | Reached XP level 8. HP: 51/51 MP: 8/8
  3299 | D:4      | Reached ** piety under Okawaru
  4201 | D:6      | Found a runed door.
  4206 | D:6      | Noticed bmj180's ghost (novice DsNe)
  4236 | D:6      | Noticed Pikel
  4241 | D:6      | Killed Pikel
  4241 | D:6      | Reached *** piety under Okawaru
  4241 | D:6      | Reached XP level 9. HP: 57/57 MP: 9/9
  4821 | D:6      | Found Iskaurgh's Food Boutique.
  5038 | D:6      | Slain by a yak

Skill      XL: |  1  2  3  4  5  6  7  8  9 |
---------------+----------------------------+-----
Shields        | 4 5 |  5.0
Fighting       | 4 5 6 7 8 |  8.4
Armour         | 4 5 6 7 8 |  8.3
Maces & Flails | 3 4 5 6 7 |  7.3

Action                   |  1- 3 |  4- 6 |  7- 9 || total
-------------------------+-------+-------+-------++-------
Melee: Flail             |   146 |   233 |       ||   379
       Great mace        |       |     3 |   180 ||   183
  Use: Scroll            |       |       |     7 ||     7
  Eat: Chunk             |       |     7 |     4 ||    11
       Ration            |       |       |     1 ||     1
Armor: Scale mail        |    83 |   181 |   168 ||   432
Dodge: Dodged            |    44 |    96 |   143 ||   283
Block: Shield            |    75 |   151 |       ||   226
